Map: Automaton LE

Players

ImAPro - Winner!

  • Race: Terran Terran
  • Spawn Location: 3:00

Gazelle

  • Race: Terran Terran
  • League: Gold
  • Spawn Location: 9:00

VOD

Have the link to the VOD?

Description

I am Gazelle

Time

  • Played on: Dec. 15, 2018, 12:40 a.m.
  • Length: 20:07
Show
View Real Time Build Order
Export as new Build Order

ImAPro Terran - Winner!

Build Orders: 1/1/1 

Get SALT Encoding   

  12  0:10  Supply Depot  
  12  0:18  Refinery  
  12  0:23  SCV  
  13  0:38  Barracks  
  13  0:44  SCV  
  14  0:53  Refinery  
  14  0:56  SCV  
  15  1:08  SCV  
  16  1:25  SCV  
  17  1:31  Factory  
  17  1:37  SCV  
  18  1:42  Supply Depot  
  18  1:50  SCV  
  19  2:02  SCV  
  20  2:15  SCV  
  21  2:18  Starport  
  21  2:19  Factory Tech Lab  
  21  2:27  SCV  
  22  2:38  Siege Tank  
  22  2:42  SCV  
  26  2:55  Fusion Core  
  26  2:57  Starport Tech Lab  
  26  3:21  Command Center  
  26  3:55  Supply Depot  
  26  4:10  Weapon Refit  
  26  4:16  Battlecruiser  
  32  4:21  Supply Depot  
  32  4:51  Orbital Command  
  32  5:00  Refinery  
  32  5:20  SCV  
  32  5:21  Battlecruiser  
  39  5:42  SCV  
  40  5:43  Engineering Bay  
  40  5:54  SCV  
  40  5:56  Starport  
  41  5:57  Siege Tank  
  44  6:06  SCV  
  45  6:13  Refinery  
  45  6:18  SCV  
  45  6:21  Armory  
  46  6:30  SCV  
  47  6:37  Battlecruiser  
  53  6:42  SCV  
  54  6:54  SCV  
  54  6:55  Starport Tech Lab  
  54  6:59  Siege Tank  
  58  7:07  SCV  
  59  7:19  SCV  
  60  7:25  Battlecruiser  
  65  7:49  Planetary Fortress  
  71  8:05  Battlecruiser  
  71  9:37  Battlecruiser  
  83  10:00  Battlecruiser  
  77  11:53  Command Center  
  77  11:59  Command Center  
  77  12:07  Supply Depot  
  77  12:29  Battlecruiser  
  83  13:04  Battlecruiser  
  71  14:43  Battlecruiser  
  71  14:44  Battlecruiser  
  79  16:02  SCV  
  80  16:04  SCV  
  81  16:14  SCV  
  81  16:16  SCV  
  83  16:26  SCV  
  83  16:28  Refinery  
  83  16:29  Refinery, SCV  
  83  16:31  Battlecruiser x2  
  97  16:41  SCV  
  98  16:53  SCV  
  97  17:31  Refinery x2, SCV  
  98  17:43  SCV  
  99  17:56  SCV  
  94  18:08  SCV  
Show
View Real Time Build Order
Export as new Build Order

Gazelle Terran 

Build Orders:  

Get SALT Encoding   

  12  0:01  SCV  
  13  0:14  SCV  
  14  0:19  Supply Depot  
  14  0:26  SCV  
  15  0:41  SCV  
  16  0:45  Barracks  
  16  0:53  SCV  
  17  1:05  SCV  
  17  1:07  Refinery  
  18  1:17  SCV  
  19  1:29  SCV  
  20  1:33  Marine  
  21  1:42  Orbital Command  
  21  1:48  Command Center  
  21  2:02  Barracks Reactor  
  21  2:07  Supply Depot  
  21  2:15  SCV  
  22  2:35  Factory, SCV  
  23  2:37  Refinery  
  23  2:41  Marine x2  
  25  2:47  SCV  
  26  2:54  Barracks  
  26  2:59  SCV  
  26  3:03  Marine x2  
  29  3:05  Orbital Command  
  29  3:20  Widow Mine  
  29  3:21  Marine x2  
  29  3:23  SCV  
  34  3:35  SCV  
  34  3:37  SCV  
  34  3:39  Marine x2, Starport  
  38  3:47  SCV  
  39  3:49  SCV  
  39  3:52  Factory Tech Lab  
  39  3:54  Barracks Reactor  
  39  3:55  Supply Depot  
  40  3:58  Barracks Tech Lab  
  40  4:00  SCV  
  41  4:15  SCV x2  
  43  4:17  Siege Tank, Supply Depot  
  43  4:18  Marine  
  43  4:19  Marine x2  
  43  4:24  Stimpack  
  49  4:27  SCV x2  
  49  4:30  Engineering Bay  
  51  4:34  Starport Reactor  
  51  4:36  Marine x2  
  53  4:39  SCV x2  
  53  4:42  Supply Depot  
  55  4:46  Marine  
  55  4:51  SCV x2  
  58  5:00  Marine x2  
  58  5:03  SCV x2  
  58  5:04  Marine  
  63  5:08  Refinery  
  63  5:11  Siege Tank  
  66  5:17  Supply Depot  
  66  5:18  Marine x2  
  68  5:21  SCV, Marine  
  68  5:23  Supply Depot  
  68  5:28  SCV  
  71  5:33  SCV  
  71  5:34  Refinery  
  72  5:36  Marine x2  
  72  5:38  Medivac  
  72  5:39  Marine  
  72  5:40  SCV  
  78  5:44  Medivac  
  78  5:48  Supply Depot  
  80  5:53  Terran Infantry Weapons Level 1  
  80  5:54  Marine x2  
  82  6:11  SCV x2  
  84  6:13  Command Center  
  84  6:14  Marine  
  84  6:15  Marine x2  
  87  6:23  SCV  
  87  6:24  SCV  
  89  6:31  Supply Depot  
  89  6:33  Marine  
  89  6:34  Marine x2  
  89  6:35  Combat Shield, SCV, Supply Depot  
  93  6:45  Engineering Bay  
  93  6:49  Siege Tank  
  93  6:50  Medivac  
  93  6:51  Marine x2  
  93  6:52  Marine  
  93  6:53  Medivac  
  103  7:01  SCV x2  
  105  7:12  Marine x3  
  105  7:13  SCV x2  
  105  7:15  Terran Infantry Armor Level 1, Barracks  
  110  7:17  Barracks  
  110  7:22  Armory  
  110  7:25  Siege Tank  
  110  7:29  Orbital Command, Marine  
  113  7:30  Marine x2  
  116  7:38  SCV x2  
  118  7:47  Marine  
  118  7:50  SCV x2  
  120  7:58  Supply Depot  
  120  8:00  Orbital Command  
  120  8:02  SCV  
  121  8:18  Barracks Reactor x2  
  121  8:20  Terran Infantry Weapons Level 2  
  121  8:21  Command Center  
  121  8:22  Marine x3  
  117  8:39  Marine  
  117  8:40  Marine x2  
  113  8:49  SCV  
  113  8:54  Marine x4  
  118  8:57  Siege Tank, Marine x2  
  118  8:58  Viking, Marine  
  118  9:01  SCV  
  126  9:12  Marine x4  
  126  9:15  Marine x2  
  124  9:29  Siege Tank  
  122  9:40  SCV  
  122  9:41  SCV x2  
  123  9:50  Marine  
  123  9:51  Marine x4  
  123  9:52  SCV, Marine x2  
  130  9:53  SCV x2  
  131  10:05  SCV  
  122  10:08  Marine x2  
  122  10:09  Marine x4  
  122  10:10  Marine  
  122  10:24  Missile Turret  
  122  10:25  Missile Turret  
  122  10:26  SCV, Missile Turret, Marine x2  
  122  10:27  Marine x5  
  127  10:38  SCV  
  121  10:44  Marine  
  118  10:54  Marine x2  
  118  10:55  Marine x4  
  120  11:02  Marine  
  116  11:12  Marine x6  
  119  11:20  Marine  
  102  11:30  Marine x6  
  108  11:37  Marine  
  110  11:40  SCV x3  
  112  11:47  Marine  
  112  11:48  Marine x5  
  112  11:52  SCV x3  
  121  11:55  Marine  
  122  12:05  Marine  
  122  12:06  Marine x5  
  128  12:09  SCV  
  128  12:10  SCV x2  
  128  12:13  Marine  
  128  12:15  SCV  
  133  12:22  SCV x2  
  135  12:23  Marine  
  135  12:24  Marine x5  
  135  12:27  SCV  
  130  12:31  Marine  
  130  12:34  Viking x2  
  131  12:39  SCV  
  131  12:41  Marine  
  122  12:54  Marine  
  122  12:55  Marine x4  
  122  13:04  Viking  
  110  13:16  Marine  
  110  13:17  Marine x6  
  114  13:32  SCV  
  115  13:34  Marine  
  115  13:40  Missile Turret  
  116  13:45  SCV  
  116  13:46  Missile Turret  
  116  13:47  Missile Turret  
  108  14:07  Marine  
  108  14:08  Marine x5  
  112  14:10  Marine  
  111  14:17  Missile Turret  
  111  14:21  SCV  
  112  14:25  Marine  
  112  14:26  Marine  
  112  14:33  SCV  
  113  14:42  Viking x2  
  113  15:12  Viking  
  107  15:35  Marine x5  
  99  15:52  Marine  
  99  15:53  Marine x4  
  104  16:10  Marine x2  
  104  16:11  Marine x2  
  108  16:24  Marine  
  109  16:28  Marine x2  
  109  16:29  Marine  
  112  16:56  Viking  
Tags
 
League
Gold
Matchup
TvT
Opening
1/1/1
Race
Terran
Spawn Locations
Cross Positions
Add a new tag
Caveats
  • Supply blocks, unpowered buildings, or Contaminate may cause inaccurate times.
  • Supply counts are checked every 10 seconds.